[Event "Live Chess"]
[Site "Chess.com"]
[Date "2024.06.01"]
[Round "-"]
[White "MagnersCarlsberg2870"]
[Black "JohanKjeldahl"]
[Result "1-0"]
[WhiteElo "1883"]
[BlackElo "1817"]
[TimeControl "300"]
[EndTime "11:32:32 PDT"]
[Termination "MagnersCarlsberg2870 won by resignation"]

1. d4 Nf6 2. Bf4 d6 3. Nc3 g6 4.
e4 Bg7 5. Nf3 O-O 6. Qd2 c6 7.
Bh6 Nbd7 8. h4 b5 9. h5 b4 10.
Ne2 Nxe4 11. Qe3 Ndf6 12. Bxg7 Kxg7 13. hxg6 fxg6 14. Qh6+ Kf7 15. Ng5+ Nxg5 16. Qxg5 Bf5 17. g4 Bxc2 18. Bg2 Qd7 19. Rc1 Ba4 20. b3 Bb5 21. Bf3 Rac8 22. Qe3 Qe6 23. Qxe6+ Kxe6 24. g5 Bxe2 25. Kxe2 Nd5 26. Rxh7 Nc3+ 27. Ke3 Rc7 28. a3 Nd5+ 29. Bxd5+ Kxd5 30. axb4 Rf5 31. f4 Rb7 32. Rg7 Rxb4 33. Rc3 Rxd4 34. Rxe7 Rfxf4 35. Rxa7 Rde4+ 36. Kd2 Rf3 37. Rxf3 Rd4+ 38. Kc3 1-0

[Event "Live Chess"]
[Site "Chess.com"]
[Date "2024.06.01"]
[Round "-"]
[White "degringolade64"]
[Black "Dhaydon19"]
[Result "0-1"]
[WhiteElo "2066"]
[BlackElo "2682"]
[TimeControl "300"]
[EndTime "11:32:55 PDT"]
[Termination "Dhaydon19 won by resignation"]

1. e4 c6 2. d4 d5 3. e5 c5 4.
dxc5 Nc6 5. Nf3 Bg4 6. c3 e6 7. Be3 Bxf3 8. Qxf3 Nxe5 9. Bb5+ Nc6 10. c4 Nf6 11. Nc3 a6 12. Ba4 Rc8 13. O-O Be7 14.
Rad1 O-O 15. cxd5 Nxd5 16. Nxd5 exd5 17. Rxd5 Qa5 18. Bc2 Nb4 19. Bxh7+ Kxh7 20. Rh5+ Kg8 21. Qh3 f5 22. Rh8+ Kf7 23. Qxf5+ Bf6 24. Qd7+ Be7 25.
Rh3 Rc6 26. Rf3+ Rf6 27. Bg5 Qd8 28. Qxd8 Rxd8 29. Bxf6 Bxf6 30. a3 Nc6 31. b4 Nd4 32. Re3 Nc2 33. Rb3 Rd2 34. a4 Nd4 35. Rbb1 Rc2 36. Rfe1 Rc4 37. Kf1 Be7 38. Rec1 Rxc1+ 39. Rxc1 Ke6 40. Ke1 Kd5 41. Rc3 Bf6 42. Rd3 Kc4 43.
Rd1 Nc2+ 44. Ke2 Nxb4 45. Kf3 Kxc5 46. g3 Nc6 47. h4 b5 48. h5 Ne5+ 49. Ke4 b4 50. f4 Nc4 51. g4 Nd6+ 52. Kf3 b3 53. g5 Bc3 54. h6 gxh6 55. gxh6 Nf5 56. Kg4 Ne3+ 57. Kg5 Nxd1 0-1

[Event "Live Chess"]
[Site "Chess.com"]
[Date "2024.06.01"]
[Round "-"]
[White "KeithArkell"]
[Black "KwikPhoenix"]
[Result "0-1"]
[WhiteElo "2503"]
[BlackElo "2436"]
[TimeControl "300"]
[EndTime "11:33:24 PDT"]
[Termination "KwikPhoenix won by resignation"]

1. d4 f5 2. Nf3 Nf6 3. g3 e6 4. Bg2 Be7 5. O-O O-O 6. c4 d6 7. b3 a5 8. Bb2 Qe8 9. Nbd2 Qh5 10. Re1 Ne4 11. Qc2 Nxd2 12. Qxd2 Bf6 13. e4 fxe4 14.
Rxe4 Nc6 15. d5 exd5 16. cxd5 Bxb2 17. Qxb2 Qxd5 18. Re3 Qf5 19. Rae1 Bd7 20. Nh4 Qf6 21. Bd5+ Kh8 22. Qd2 a4 23. Ng2 axb3 24. axb3 Ne5 25. Bxb7 Rab8 26. Be4 Qh6 27. Nf4 Ng4 28. h4 Nxe3 29.
Rxe3 Rfe8 30. Qc3 c5 31. Nd5 Be6 32. Bg2 Bxd5 33. Rxe8+ Rxe8 34. Bxd5 Qf6 35. Qd3 Qa1+ 36. Kg2 Qe5 37. Bf3 g6 38. h5 Kg7 39. hxg6 hxg6 40.
Bc6 Rf8 41. Qd2 Rd8 42. Bd5 Rb8 43. Qd3 Rb4 44. Qf3 Qf6 45. Qe2 Rd4 46. Bf3 Qe5 47.
Qb5 Qf6 48. Qd7+ Qf7 49. Qb7 Qxb7 50. Bxb7 Rd3 51. Ba6 Rxb3 52. Kf1 Ra3 53. Bc4 Ra4 54. Be6 Kf6 55. Bb3 Rb4 56. Bg8 Ke5 57. Ke2 g5 58.
Ke3 d5 59. f3 d4+ 60. Ke2 Rb2+ 61. Kd3 Rf2 62. Kc4 Rxf3 63. Kxc5 Rc3+ 64. Kb4 Rxg3 65.
Bh7 Re3 66. Kc4 g4 67. Bg6 g3 0-1

[Event "Live Chess"]
[Site "Chess.com"]
[Date "2024.06.01"]
[Round "-"]
[White "WilliamofOrange16th"]
[Black "FlyingChessKestrel13"]
[Result "1-0"]
[WhiteElo "1966"]
[BlackElo "2082"]
[TimeControl "300"]
[EndTime "11:33:25 PDT"]
[Termination "WilliamofOrange16th won by checkmate"]

1. e4 e6 2. f4 d5 3. e5 c5 4. c3 Nc6 5. Nf3 Nge7 6. Na3 Nf5 7. Nc2 d4 8. Bd3 dxc3 9. dxc3 Be7 10. O-O O-O 11.
Ne3 Nxe3 12. Bxe3 Bd7 13. Qc2 g6 14. Rad1 Re8 15. g3 Qc7 16. h4 h5 17. Bxg6 fxg6 18. Qxg6+ Kf8 19. Ng5 Bxg5 20. fxg5+ Ke7 21. Qf6# 1-0

[Event "Live Chess"]
[Site "Chess.com"]
[Date "2024.06.01"]
[Round "-"]
[White "FortunatusMax"]
[Black "PureDashingOctopus"]
[Result "0-1"]
[WhiteElo "914"]
[BlackElo "2253"]
[TimeControl "300"]
[EndTime "11:33:33 PDT"]
[Termination "PureDashingOctopus won by checkmate"]

1. e4 c5 2. Nc3 d6 3. Bc4 Nc6 4. Nf3 Nf6 5. O-O e6 6. e5 dxe5 7. Bb5 Bd6 8. Bxc6+ bxc6 9. d4 exd4 10. Ne2 O-O 11. c3 e5 12. cxd4 cxd4 13. a3 c5 14. Re1 e4 15. Nh4 Ng4 16. g3 g5 17. Ng2 Ne5 18. f4 Nf3+ 19. Kf2 Nxe1 20. Qxe1 e3+ 21.
Kg1 Bb7 22. fxg5 Qxg5 23. Kh1 Qd5 24. Qg1 d3 25. Nf4 Bxf4 26. gxf4 d2 27. Bxd2 exd2 28. Rd1 Rfe8 29. h4 Re1 30. Rxe1 dxe1=Q 31. Qxe1 Qxg2# 0-1

[Event "Live Chess"]
[Site "Chess.com"]
[Date "2024.06.01"]
[Round "-"]
[White "educatedlad"]
[Black "bobby_jamesFischer86"]
[Result "0-1"]
[WhiteElo "1750"]
[BlackElo "1603"]
[TimeControl "300"]
[EndTime "11:33:48 PDT"]
[Termination "bobby_jamesFischer86 won by resignation"]

1. c3 d5 2. Nf3 c5 3. d4 Nc6 4. Bf4 e6 5. Nbd2 Bd6 6. Bxd6 Qxd6 7. dxc5 Qxc5 8. Nb3 Qd6 9. e3 Nf6 10. Bd3 O-O 11.
Qc2 e5 12. Bf5 e4 13. Nfd4 Nxd4 14. Nxd4 Bxf5 15. Nxf5 Qe5 16. Nd4 a6 17. O-O-O Rac8 18. Kb1 b5 19. f4 exf3 20. Nxf3 Qxe3 21. Rhe1 Qc5 22. Ne5 Rfe8 23. Nd7 Nxd7 24. Rxe8+ Rxe8 25. Rf1 Qe3 26. Qf5 Qe4+ 27. Qxe4 dxe4 0-1

[Event "Live Chess"]
[Site "Chess.com"]
[Date "2024.06.01"]
[Round "-"]
[White "gmnorfolk"]
[Black "JohanKjeldahl"]
[Result "1-0"]
[WhiteElo "2114"]
[BlackElo "1810"]
[TimeControl "300"]
[EndTime "11:34:00 PDT"]
[Termination "gmnorfolk won by resignation"]

1. c4 Nf6 2. Nc3 e5 3. Nf3 Nc6 4. g3 g6 5. Bg2 Bg7 6. O-O O-O 7. d4 d6 8. dxe5 Nxe5 9. Nxe5 dxe5 10. Qxd8 Rxd8 11. Bg5 c6 12. Ne4 1-0

[Event "Live Chess"]
[Site "Chess.com"]
[Date "2024.06.01"]
[Round "-"]
[White "McFim"]
[Black "WelshTiger"]
[Result "0-1"]
[WhiteElo "1581"]
[BlackElo "2533"]
[TimeControl "300"]
[EndTime "11:34:04 PDT"]
[Termination "WelshTiger won by resignation"]

1. e4 e5 2. Nf3 Nc6 3. Bb5 a6 4. Ba4 Nf6 5. O-O Nxe4 6. Re1 Nc5 7.
Bxc6 dxc6 8. Nxe5 Ne6 9. c3 Be7 10. d4 O-O 11. h3 f6 12. Nf3 Bd6 13. Nbd2 c5 14. Ne4 cxd4 15. Nxd4 Nxd4 16. Qxd4 Be5 17. Qxd8 Rxd8 18. Be3 Bf5 19. Nc5 b6 20. Nb3 c5 21. Rad1 a5 22. Rxd8+ Rxd8 23. Nd2 Be6 24. a3 Kf7 25. Nf3 Bc7 26. Nd2 Rd3 27. Kf1 g5 28. Ke2 Rd7 29. f3 h5 30. Rd1 h4 31. c4 a4 32. Rc1 Be5 33. Rc2 Kg6 34. Ne4 Bc7 35.
Nd2 f5 36. Rc3 Be5 37. Rc2 Rd6 38. Nf1 f4 39. Bf2 Bf5 40. Rd2 Rxd2+ 41. Kxd2 Bxb2 0-1

[Event "Live Chess"]
[Site "Chess.com"]
[Date "2024.06.01"]
[Round "-"]
[White "sugandhasinha"]
[Black "jimwad"]
[Result "0-1"]
[WhiteElo "1115"]
[BlackElo "1246"]
[TimeControl "300"]
[EndTime "11:34:24 PDT"]
[Termination "jimwad won by checkmate"]

1. e4 e5 2. Nf3 Nc6 3. Bc4 Nf6 4. d3 Bc5 5. Be3 Bxe3 6. fxe3 O-O 7. Nbd2 d6 8. c3 Bg4 9. O-O a6 10. h3 Bd7 11. b3 b5 12. Bd5 Nxd5 13. exd5 Ne7 14.
Ne4 Nxd5 15. c4 Nxe3 16. Qe1 Nxf1 17. Qxf1 bxc4 18. bxc4 Bc6 19. Nfg5 h6 20. Nf3 Bxe4 21.
dxe4 f5 22. Re1 fxe4 23. Rxe4 Rf4 24. Rxf4 exf4 25. Nd4 Qf6 26. Qf2 Rb8 27. Nc6 Rb1+ 28. Kh2 Rb2 29. Qa7 Qg5 30. Qa8+ Kh7 31. Nd4 Qxg2+ 32.
Qxg2 Rxg2+ 33. Kxg2 g5 34. Ne6 c5 35. Nc7 Kg6 36. Nxa6 Kf5 37. a4 Ke4 38. Nc7 Ke3 39. a5 Ke2 40. a6 f3+ 41. Kg1 f2+ 42. Kg2 f1=Q+ 43. Kg3 Qf4+ 44. Kg2 Qf3+ 45. Kg1 Qf2+ 46. Kh1 Kf3 47. a7 Qg2# 0-1

[Event "Live Chess"]
[Site "Chess.com"]
[Date "2024.06.01"]
[Round "-"]
[White "oscalik"]
[Black "CarmelJane"]
[Result "0-1"]
[WhiteElo "2339"]
[BlackElo "2098"]
[TimeControl "300"]
[EndTime "11:34:43 PDT"]
[Termination "CarmelJane won by resignation"]

1. e4 c5 2. Nc3 e6 3. f4 a6 4. Nf3 Nc6 5. d4 cxd4 6. Nxd4 Bb4 7. Nxc6 Bxc3+ 8. bxc3 bxc6 9. Bd3 d5 10. Qf3 Nf6 11. e5 Nd7 12. Ba3 c5 13. O-O O-O 14. c4 Bb7 15.
Rab1 Bc6 16. Qh3 g6 17. g4 dxc4 18. Bxc4 Nb6 19. Rbd1 Qe7 20. Bd3 Nd5 21. f5 exf5 22. Rde1 fxg4 23. Qxg4 Nb4 24. Bc4 Bd7 25. Qe4 Qg5+ 26.
Kh1 Bc6 27. h4 Bxe4+ 28. Rxe4 Qg3 29. Bb2 Qh3+ 30. Kg1 Rae8 31. e6 fxe6 32. Rxf8+ Kxf8 33. Rf4+ Ke7 34. Re4 Qg3+ 35. Kh1 Qf3+ 0-1

[Event "Live Chess"]
[Site "Chess.com"]
[Date "2024.06.01"]
[Round "-"]
[White "dhairyapandyauk"]
[Black "Stanbad1"]
[Result "0-1"]
[WhiteElo "1673"]
[BlackElo "2687"]
[TimeControl "300"]
[EndTime "11:34:44 PDT"]
[Termination "Stanbad1 won by resignation"]

1. e4 e6 2. d4 d5 3. exd5 exd5 4. Bf4 Nc6 5. c3 Bd6 6. Bd3 Bxf4 7. Ne2 Bd6 8. Qb3 Nge7 9. Nd2 O-O 10. Nf3 Bf5 11.
Bxf5 Nxf5 12. Qxd5 g6 13. Qe4 Re8 14. Qg4 h5 15.
Qg5 Qxg5 16. Nxg5 Ncxd4 17. cxd4 Nxd4 18. O-O-O Nxe2+ 19. Kb1 Nf4 20. g3 Ne6 21. Ne4 Be5 22. f4 Bg7 23. Rhe1 Nd4 24. Re3 f5 0-1

[Event "Live Chess"]
[Site "Chess.com"]
[Date "2024.06.01"]
[Round "-"]
[White "ACM42"]
[Black "blunderabit"]
[Result "1-0"]
[WhiteElo "2207"]
[BlackElo "1812"]
[TimeControl "300"]
[EndTime "11:34:47 PDT"]
[Termination "ACM42 won by resignation"]

1. e4 c5 2. Nf3 a6 3. c4 Nc6 4. Nc3 e6 5. d4 cxd4 6. Nxd4 Qc7 7. Be3 Nf6 8. Bd3 Ne5 9. Rc1 Nxd3+ 10. Qxd3 Be7 11.
h3 O-O 12. O-O b6 13. f4 Bb7 14. e5 Ne8 15. Ne4 Bxe4 16. Qxe4 f5 17. Qf3 g6 18.
Rfd1 Ng7 19. Qf2 Rab8 20. a3 Qb7 21. b4 Qe4 22. Nb3 Nh5 23. Rxd7 Bh4 24. Qf3 Qxf3 25. gxf3 Rf7 26. Rcd1 Rb7 27. R7d6 Rfc7 28. c5 Be7 29.
Rxe6 bxc5 30. Nxc5 Bxc5 31. Bxc5 Nxf4 32. Rd8+ Kf7 33. Rf6+ Kg7 34. Bf8+ 1-0

[Event "Live Chess"]
[Site "Chess.com"]
[Date "2024.06.01"]
[Round "-"]
[White "Dhaydon19"]
[Black "OliWally08"]
[Result "1-0"]
[WhiteElo "2682"]
[BlackElo "1274"]
[TimeControl "300"]
[EndTime "11:35:08 PDT"]
[Termination "Dhaydon19 won by resignation"]

1. d4 Nf6 2. Nf3 e6 3. g3 d5 4. Bg2 Bd6 5. O-O b6 6. c3 Bb7 7.
Qc2 O-O 8. Bg5 h6 9. Bxf6 Qxf6 10. Nbd2 c5 11. e4 dxe4 12. Nxe4 Bxe4 13. Qxe4 Nd7 14.
Qc6 Qe7 15. Rfe1 cxd4 16. Nxd4 Rfc8 17. Qb5 Bc5 18. Bxa8 Rxa8 19. Rad1 Bxd4 20. Rxd4 Nf6 21. Red1 Kh7 22. Qc6 Nd5 23. Qxa8 1-0

[Event "Live Chess"]
[Site "Chess.com"]
[Date "2024.06.01"]
[Round "-"]
[White "Duke_of_Bebington"]
[Black "GerardATHart"]
[Result "0-1"]
[WhiteElo "1609"]
[BlackElo "1426"]
[TimeControl "300"]
[EndTime "11:35:23 PDT"]
[Termination "GerardATHart won on time"]

1. e4 e5 2. Nf3 Nc6 3. Bc4 Nf6 4. O-O Bc5 5. c3 d6 6. d4 exd4 7. cxd4 Bb6 8. e5 dxe5 9. dxe5 Qxd1 10. Rxd1 Ne4 11.
Be3 Bxe3 12. fxe3 O-O 13. Nbd2 Nc5 14. Nb3 Ne6 15. Nbd4 Na5 16. Bxe6 Bxe6 17. Nxe6 fxe6 18. Rd7 Rac8 19. Rc1 c5 20. a3 Rf7 21. Rd6 Re7 22. Ng5 c4 23. Rxe6 Rxe6 24. Nxe6 Re8 25. Nd4 Rxe5 26. Kf2 a6 27. h3 b5 28. g4 Nb7 29.
Rd1 Nc5 30. Nc6 Re6 31. Nb4 a5 32. Nc2 Nd3+ 33. Ke2 Nxb2 34. Nd4 Rb6 35. Nf5 g6 36. Rd8+ Kf7 37. Rd7+ Ke6 38. Re7+ Kf6 39. g5+ Kxg5 40. Nd4 Nd3 41. Rxh7 Rf6 42. Nf3+ Kf5 43. Nd4+ Ke4 44. Rh4+ Kd5 45. Nxb5 Rf2+ 46. Kd1 Nb2+ 47. Kc1 Nd3+ 48.
Kd1 Rh2 49. Nc3+ Ke5 50. Rxc4 Nf2+ 51. Kc2 Rxh3 52. Kb3 Rxe3 53. Rc5+ Kd4 54. Rc8 Rxc3+ 0-1

[Event "Live Chess"]
[Site "Chess.com"]
[Date "2024.06.01"]
[Round "-"]
[White "sebmoran1"]
[Black "Nazar-Makarchuk"]
[Result "0-1"]
[WhiteElo "1472"]
[BlackElo "1569"]
[TimeControl "300"]
[EndTime "11:35:31 PDT"]
[Termination "Nazar-Makarchuk won by resignation"]

1. d4 d5 2. c4 Nf6 3. cxd5 Qxd5 4. Nc3 Qd8 5. Nf3 e6 6. Bg5 Be7 7. e3 c5 8. Bb5+ Bd7 9. Bxd7+ Qxd7 10. dxc5 Qxd1+ 11. Rxd1 Bxc5 12. Bxf6 gxf6 13. Ne4 Be7 14. Ke2 Nc6 15. a3 Ne5 16. Nxe5 fxe5 17. Rc1 O-O 18. Rc7 Bd8 19. Rxb7 a5 20. h4 Re8 21. h5 Re7 22. Rxe7 Bxe7 23. Rd1 Rb8 24. Rb1 Bxa3 25. Nf6+ Kg7 26.
Nd7 Rxb2+ 27. Rxb2 Bxb2 28. Kd3 a4 29. Nc5 a3 30. Nb3 a2 31. g4 a1=Q 32. Nxa1 Bxa1 33. Ke4 Kf6 34. f4 exf4 35. exf4 Bb2 36. g5+ Ke7 37. f5 e5 38. g6 fxg6 39. hxg6 hxg6 40. fxg6 Kf6 0-1

[Event "Live Chess"]
[Site "Chess.com"]
[Date "2024.06.01"]
[Round "-"]
[White "chess5013"]
[Black "elephantgerrald"]
[Result "1-0"]
[WhiteElo "1282"]
[BlackElo "754"]
[TimeControl "300"]
[EndTime "11:35:34 PDT"]
[Termination "chess5013 won by checkmate"]

1. d4 d5 2. Bf4 Nc6 3. e3 Nf6 4.
c3 Bf5 5. Nf3 Bxb1 6. Rxb1 e6 7.
Bd3 g6 8. Qc2 Bg7 9. Ne5 O-O 10.
h4 Re8 11. g4 h6 12. h5 Re7 13. hxg6 Nxe5 14. Bxe5 Nxg4 15. gxf7+ Rxf7 16. f4 Nxe3 17. Qe2 Nf5 18. Rg1 Qh4+ 19. Kd2 Ng3 20. Qg2 Bxe5 21. dxe5 Qxf4+ 22. Kc2 Rf5 23. Qxg3+ Kh7 24. Qxf4 Rf8 25.
Bxf5+ Rxf5 26. Qg4 Rf2+ 27. Kb3 Rf7 28. Qg6+ Kh8 29. Qg8# 1-0

[Event "Live Chess"]
[Site "Chess.com"]
[Date "2024.06.01"]
[Round "-"]
[White "DoctorMantisTobogganMD"]
[Black "Ferrarifan27"]
[Result "0-1"]
[WhiteElo "2197"]
[BlackElo "2066"]
[TimeControl "300"]
[EndTime "11:35:41 PDT"]
[Termination "Ferrarifan27 won by resignation"]

1. e4 c5 2. Nc3 Nc6 3. Bb5 a6 4.
Bxc6 dxc6 5. d3 g6 6. f4 Bg7 7.
Nf3 Bg4 8. O-O Nf6 9. Qe1 O-O 10. h3 Bxf3 11. Rxf3 e6 12. Be3 b6 13. a4 a5 14. Qf2 Re8 15. f5 exf5 16. exf5 Nd5 17.
Nxd5 cxd5 18. fxg6 fxg6 19. c3 Rf8 20. Rf1 Rxf3 21.
Qxf3 Qd7 22. Bg5 Rf8 23. Qe2 Rxf1+ 24. Qxf1 Qxa4 25. Qe2 Qd7 26. Bf4 a4 27. c4 dxc4 28.
dxc4 Qd4+ 29. Kh1 Qxf4 30. Qe8+ Qf8 31. Qe6+ Kh8 0-1

[Event "Live Chess"]
[Site "Chess.com"]
[Date "2024.06.01"]
[Round "-"]
[White "grillage"]
[Black "Bob2pen"]
[Result "0-1"]
[WhiteElo "1884"]
[BlackElo "1887"]
[TimeControl "300"]
[EndTime "11:36:26 PDT"]
[Termination "Bob2pen won on time"]

1. d4 Nf6 2. Nf3 c5 3. d5 e6 4. Bg5 Qb6 5. Bxf6 gxf6 6. dxe6 dxe6 7. Nbd2 Bg7 8. Nc4 Qb4+ 9. Ncd2 O-O 10. e3 Rd8 11.
Rb1 Nc6 12. c3 Qa5 13. Bc4 b5 14. Bb3 c4 15. Bc2 Bb7 16. O-O Qc7 17. Nd4 a6 18. Qh5 f5 19. N2f3 Ne5 20. Ng5 h6 21. Nh3 Ng4 22.
Nf4 Nf6 23. Qh4 Be4 24. Bxe4 Nxe4 25. Rbd1 e5 26. Nxf5 Rxd1 27. Rxd1 exf4 28. Nxg7 Kxg7 29. Qg4+ Kh7 30. Rd7 Qe5 31. Rxf7+ Kh8 32. exf4 Rg8 33. Qd7 Nf6 34. fxe5 Nxd7 35. Rxd7 Rg6 36. f4 h5 37. Kf2 h4 38. g3 hxg3+ 39. hxg3 Kg8 40. Kf3 Kf8 41. f5 Rh6 42. g4 Ke8 43. e6 Rh1 44.
g5 Rf1+ 45. Ke4 Re1+ 46. Kf4 Re2 47. f6 Rf2+ 48. Ke5 Re2+ 49. Kf5 Rf2+ 50. Kg6 Re2 51. Ra7 Rxe6 52. Re7+ Rxe7 53. fxe7 Kxe7 54. Kh7 a5 55. g6 b4 56. g7 b3 57. axb3 cxb3 58. g8=Q a4 0-1

[Event "Live Chess"]
[Site "Chess.com"]
[Date "2024.06.01"]
[Round "-"]
[White "Sweet-O"]
[Black "Andysav3"]
[Result "0-1"]
[WhiteElo "1540"]
[BlackElo "1867"]
[TimeControl "300"]
[EndTime "11:36:26 PDT"]
[Termination "Andysav3 won by resignation"]

1. d4 Nf6 2. Nc3 c5 3. Bf4 cxd4 4. Qxd4 Nc6 5. Qa4 g6 6. Nb5 d6 7. O-O-O Bg7 8. e4 O-O 9. e5 Nh5 10. Bg5 Bxe5 11. f4 Bf6 12. Bxf6 Nxf6 13. h4 a6 14. Be2 h5 15. Nf3 Bg4 16. Nfd4 axb5 17. Qxb5 Nxd4 18. Rxd4 Qa5 19. Qxa5 Rxa5 20. Bc4 b5 21. Bb3 Rc8 22.
Re1 Kf8 23. Rb4 Bf5 24. a3 Ne4 25. Rbxe4 Bxe4 26. Rxe4 Rb8 27. Bd5 e6 28. Bb3 Ke7 29. Re1 Ra7 30. Rg1 Rc7 31. g4 hxg4 32. Rxg4 Rc5 33.
Rg1 Rh8 34. Rh1 Rch5 35. a4 bxa4 36. Bxa4 Rxh4 37. Rd1 Rh1 38. b4 Rxd1+ 39. Kxd1 Rh4 40. c3 Rxf4 41. b5 Rxa4 42. b6 Ra8 43. Kc2 Rb8 44. Kd3 Rxb6 0-1

[Event "Live Chess"]
[Site "Chess.com"]
[Date "2024.06.01"]
[Round "-"]
[White "booktrunk"]
[Black "GoldsmanB"]
[Result "1/2-1/2"]
[WhiteElo "1368"]
[BlackElo "1057"]
[TimeControl "300"]
[EndTime "11:36:34 PDT"]
[Termination "Game drawn by repetition"]

1. d4 Nf6 2. Nc3 e6 3. Bf4 d5 4. Nb5 Na6 5. e3 c6 6. Nc3 Bd6 7. Bxa6 Bxf4 8. Bxb7 Bxb7 9. exf4 Qa5 10. Ne2 O-O 11.
O-O Ba6 12. Re1 Rab8 13. Rb1 Rb7 14. a3 Rfb8 15. Qc1 Bxe2 16. Nxe2 Ne4 17. f3 Nf6 18.
Nc3 c5 19. dxc5 Qxc5+ 20. Kh1 d4 21. Ne4 Nxe4 22. fxe4 Rb5 23. h3 Qb6 24. b3 a5 25.
a4 Rc5 26. Qb2 Rbc8 27. Rbc1 Qc6 28. Qxd4 Rxc2 29. Rxc2 Qxc2 30. Qb6 Qc7 31. Qb5 Qc5 32. Qxc5 Rxc5 33. Re3 Rc1+ 34. Kh2 Kf8 35. Kg3 Rb1 36. Kg4 Rb2 37. g3 Ke7 38. h4 g6 39. h5 gxh5+ 40. Kxh5 Kf6 41. Kh4 Rg2 42. g4 Kg7 43. Rc3 Rb2 44. f5 exf5 45. exf5 Rf2 46. Kg5 h6+ 47. Kh4 Rh2+ 48. Kg3 Re2 49. Rc5 Re3+ 50. Kf4 Rxb3 51. Rxa5 Rb4+ 52. Kg3 Re4 53. Ra6 Re7 54. a5 Re3+ 55. Kh4 Re4 56. Ra7 Re5 57. a6 Re1 58. Ra8 Ra1 59. a7 Ra4 60. Kh5 f6 61. Kh4 Ra5 62.
Kg3 Ra3+ 63. Kf4 Ra4+ 64. Ke3 Ra5 65. Kd4 Ra4+ 66. Kc3 Ra3+ 67. Kb4 Ra1 68. Kb5 Ra2 69. Kc6 Ra4 70. Kb7 Rb4+ 71. Ka6 Ra4+ 72. Kb5 Ra1 73.
Kb6 Rb1+ 74. Kc7 Ra1 75. Kb7 Rb1+ 76. Kc7 Ra1 77. Kb7 Rb1+ 78. Kc7 1/2-1/2

[Event "Live Chess"]
[Site "Chess.com"]
[Date "2024.06.01"]
[Round "-"]
[White "ProfPoisson"]
[Black "degringolade64"]
[Result "0-1"]
[WhiteElo "1252"]
[BlackElo "2066"]
[TimeControl "300"]
[EndTime "11:36:37 PDT"]
[Termination "degringolade64 won by checkmate"]

1. e4 e5 2. Nf3 Nc6 3. d4 exd4 4. Bc4 Nf6 5. e5 d5 6. Bb5 Nd7 7. O-O Be7 8. Bxc6 bxc6 9. Qxd4 O-O 10. Qg4 Nxe5 11.
Qa4 Nxf3+ 12. gxf3 Bd6 13. Kh1 Qf6 14. Rg1 Qxf3+ 15. Rg2 Bh3 16. Nd2 Qxg2# 0-1

[Event "Live Chess"]
[Site "Chess.com"]
[Date "2024.06.01"]
[Round "-"]
[White "NottheBishopSacrifice"]
[Black "Mof05"]
[Result "1-0"]
[WhiteElo "2295"]
[BlackElo "1045"]
[TimeControl "300"]
[EndTime "11:36:39 PDT"]
[Termination "NottheBishopSacrifice won on time"]

1. g3 d5 2. Bg2 c6 3. Nf3 Nf6 4. O-O Bg4 5. d4 e6 6. c4 Nbd7 7. b3 Be7 8. Bb2 O-O 9. Nbd2 h6 10.
Re1 Bd6 11. e4 dxe4 12. Nxe4 Nxe4 13. Rxe4 Bf5 14. Re1 Nf6 15. Ne5 Qc7 16. a4 Rfd8 17. Qe2 Rac8 18. a5 a6 19. c5 Be7 20. Nc4 Nd5 21. Nb6 Rb8 22. Rad1 Nxb6 23. axb6 Qd7 24. Bc1 Ra8 25. Bf4 a5 26. Bc7 Rdc8 27. Qc4 Bd8 28. Bd6 Be7 29. Bc7 Bd8 30. Be5 Be7 31. Ra1 Rd8 32. Ra4 Rdc8 33. Rea1 Bd8 34. Rxa5 Rxa5 35. Rxa5 Be7 36. Ra7 Rb8 37. Bxb8 1-0

[Event "Live Chess"]
[Site "Chess.com"]
[Date "2024.06.01"]
[Round "-"]
[White "TJ-W"]
[Black "Sokolik_UA"]
[Result "1-0"]
[WhiteElo "1567"]
[BlackElo "803"]
[TimeControl "300"]
[EndTime "11:36:48 PDT"]
[Termination "TJ-W won by checkmate"]

1. e4 d5 2. exd5 Qxd5 3. Nc3 Qd8 4. d4 Nf6 5. Nf3 e6 6. Bd2 Bd6 7. Bc4 O-O 8. O-O c6 9. Bg5 Be7 10. Qd2 Nbd7 11. Rfe1 b5 12. Bd3 Ng4 13. Bxe7 Qxe7 14.
Qf4 Ndf6 15. h3 Nh6 16. Ng5 g6 17. Nxe6 fxe6 18. Qxh6 Qg7 19. Qxg7+ Kxg7 20. Ne4 Bd7 21.
Nxf6 Rxf6 22. c4 Raf8 23. f3 h6 24. cxb5 cxb5 25. Rac1 b4 26. Rc7 R8f7 27. Bc4 g5 28. d5 h5 29. dxe6 Bxe6 30. Rxf7+ Bxf7 31. Re7 Kg6 32. Bd3+ Kg7 33. Rxa7 Rd6 34. Bc4 Kf6 35. Rxf7+ Ke5 36.
Rb7 Rd4 37. Rxb4 g4 38. hxg4 hxg4 39. fxg4 Rxg4 40. b3 Rd4 41. a4 Rd1+ 42. Kf2 Rd2+ 43. Kg3 Kd4 44. a5 Kc3 45. Rb7 Ra2 46. a6 Kd4 47. a7 Kc5 48. b4+ Kxc4 49. b5 Kc5 50. Rc7+ Kb6 51. Re7 Rxa7 52. Rxa7 Kxa7 53. Kf4 Kb6 54. Kf5 Kxb5 55. g4 Kc6 56. g5 Kd7 57.
Kf6 Ke8 58. Kg7 Ke7 59. g6 Ke6 60. Kh8 Kf6 61. g7 Kf7 62. g8=Q+ Kf6 63. Qe8 Kg5 64. Qf7 Kh6 65. Qf4+ Kg6 66. Kg8 Kh5 67. Qg3 Kh6 68.
Kf7 Kh5 69. Kf6 Kh6 70. Qh4# 1-0

[Event "Live Chess"]
[Site "Chess.com"]
[Date "2024.06.01"]
[Round "-"]
[White "Cruiseylee78"]
[Black "Isambard_Thomas"]
[Result "0-1"]
[WhiteElo "1702"]
[BlackElo "2164"]
[TimeControl "300"]
[EndTime "11:36:56 PDT"]
[Termination "Isambard_Thomas won by resignation"]

1. d4 Nf6 2. Bf4 d5 3. e3 c6 4. Bd3 Bg4 5. Nf3 e6 6. Nbd2 Nbd7 7. c3 Nb6 8. Qc2 Bd6 9. Bg3 Bh5 10. O-O-O a5 11.
Kb1 Bg6 12. Bxg6 hxg6 13. Ng5 Ke7 14. Ndf3 a4 15. Ne5 Bxe5 16. Bxe5 Nc4 17. Bxf6+ gxf6 18. Nf3 Qb6 19. h4 Na3+ 0-1

[Event "Live Chess"]
[Site "Chess.com"]
[Date "2024.06.01"]
[Round "-"]
[White "updatedopenings2024"]
[Black "MagnersCarlsberg2870"]
[Result "0-1"]
[WhiteElo "1944"]
[BlackElo "1893"]
[TimeControl "300"]
[EndTime "11:37:00 PDT"]
[Termination "MagnersCarlsberg2870 won by resignation"]

1. e4 d5 2. exd5 Nf6 3. d4 Bg4 4. f3 Bf5 5. g4 Bg6 6. c4 e6 7.
Nc3 exd5 8. f4 Be4 9. Nxe4 Nxe4 10. Nf3 Bb4+ 11. Ke2 O-O 12. a3 Re8 13. Ne5 Bd6 14. Kf3 Qh4 15. Be3 f6 16. cxd5 fxe5 17. dxe5 Bxe5 18.
fxe5 Rxe5 19. Qd4 Nd7 20. Bc4 Rf8+ 21. Kg2 Kh8 22. h3 Nd6 23. Raf1 Rfe8 24. Bf4 Re4 25. Qf2 Qxf2+ 26. Rxf2 Nxc4 27. Rd1 Rxf4 0-1

[Event "Live Chess"]
[Site "Chess.com"]
[Date "2024.06.01"]
[Round "-"]
[White "FortunatusMax"]
[Black "educatedlad"]
[Result "0-1"]
[WhiteElo "914"]
[BlackElo "1750"]
[TimeControl "300"]
[EndTime "11:37:00 PDT"]
[Termination "educatedlad won by checkmate"]

1. e4 d5 2. exd5 Qxd5 3. Nc3 Qd6 4. Be2 g6 5. Nf3 Bg7 6. O-O Nf6 7. g3 O-O 8. Nb5 Qc6 9. Nfd4 Qe4 10. f3 Qe5 11. d3 Bh3 12. Bf4 Qc5 13. Rf2 Nc6 14. Nxc7 Nxd4 15.
Nxa8 Nxe2+ 16. Qxe2 Rxa8 17. Be3 Qb5 18. b3 Nd5 19. Rc1 Nxe3 20. Qxe3 Rd8 21. c4 Qf5 22. Qxa7 Bd4 23. Qa3 Qxf3 24. Rc2 Qg2# 0-1

[Event "Live Chess"]
[Site "Chess.com"]
[Date "2024.06.01"]
[Round "-"]
[White "Mangoalo"]
[Black "viktor_forever1994"]
[Result "1-0"]
[WhiteElo "1023"]
[BlackElo "1376"]
[TimeControl "300"]
[EndTime "11:37:16 PDT"]
[Termination "Mangoalo won by checkmate"]

1. f4 d5 2. Nf3 Nc6 3. e3 Nf6 4. Bb5 Bd7 5. d4 a6 6. Bxc6 Bxc6 7. Nc3 Ne4 8. Bd2 Nxc3 9. Bxc3 e6 10. O-O h6 11.
Ne5 Bd6 12. Qh5 Qf6 13. Nxc6 bxc6 14. Bd2 c5 15. dxc5 Bxc5 16. c3 Rb8 17. b4 Ba7 18.
Rf3 O-O 19. f5 d4 20. fxe6 Qxe6 21. exd4 Qg6 22. Qd5 Qc2 23. Bxh6 gxh6 24. Rg3+ Kh7 25. Rf1 Rb5 26. Rxf7+ Rxf7 27. Qxf7+ Kh8 28. Rg8# 1-0

[Event "Live Chess"]
[Site "Chess.com"]
[Date "2024.06.01"]
[Round "-"]
[White "Dhaydon19"]
[Black "Queensandpawns"]
[Result "1-0"]
[WhiteElo "2685"]
[BlackElo "2434"]
[TimeControl "300"]
[EndTime "11:37:27 PDT"]
[Termination "Dhaydon19 won by resignation"]

1. d4 Nc6 2. c3 e5 3. dxe5 Nxe5 4. Nf3 Ng6 5. g3 Nf6 6. Bg2 d5 7. O-O h5 8. h4 Ng4 9. Bg5 Be7 10.
Qc2 Be6 11. Nbd2 Qd7 12. Bxe7 Qxe7 13. Ng5 O-O-O 14. Ndf3 Rhe8 15. Nd4 N6e5 16. Ndxe6 fxe6 17. Rad1 Nc4 18. b3 Nb6 19. Qg6 Nf6 20. e4 dxe4 21. Nxe4 Nbd5 22. c4 Nxe4 23. Qxe4 1-0